 Seeded DCSS version 0.30.1-6-gbe392663c4 (webtiles) character file.

Game seed: 920673320228942481 (custom seed)

93 CarvArkoylaein the Trooper (level 4, 41/41 HPs)
             Began as a Hill Orc Fighter on Sept 21, 2023.
             Quit the game on level 2 of the Dungeon.
             The game lasted 00:06:14 (2323 turns).

CarvArkoylaein the Trooper (Hill Orc Fighter)       Turns: 2323, Time: 00:06:14

Health: 41/41      AC: 22    Str: 18    XL:     4   Next: 61%
Magic:  4/4        EV:  5    Int: 10    God:
Gold:   1224       SH:  4    Dex: 10    Spells: 3/3 levels left

rFire   + + .        a - +0 war axe
rCold   . . .        c - +0 buckler
rNeg    . . .        f - +2 plate armour {rF+}
rPois   .            (helmet restricted)
rElec   .            (no cloak)
rCorr   .            e - +3 Mad Mage's Maulers {Infuse+∞ VampMP -Cast}
SInv    .            (no boots)
Will    .....        (no amulet) Stlth
                     (no ring)
HPRegen 0.26/turn    (no ring)
MPRegen 0.09/turn

%: no spellcasting, random rage (3%), infuse magic (4 MP)
@: no status effects
A: antennae 1, iridescent scales 2, berserk 1, fire resistance 1
a: no special abilities


You were on level 2 of the Dungeon.
You visited 1 branch of the dungeon, and saw 2 of its levels.

You collected 1224 gold pieces.

Inventory:

Hand Weapons
 a - a +0 war axe (weapon)
Armour
 b - a +0 scale mail
 c - a +0 buckler (worn)
 e - the +3 Mad Mage's Maulers (worn) {Infuse+∞ VampMP -Cast}
   (You acquired it on level 1 of the Dungeon)

   Infuse+∞: It empowers its wearer's blows with all of their magic.
   VampMP:    Blows struck in melee replenish the wearer's magic.
   -Cast:     It prevents spellcasting.
 f - a +2 plate armour of fire resistance (worn)
Jewellery
 k - a ring of wizardry
 o - a ring of resist corrosion
Scrolls
 g - a scroll of teleportation {unknown}
 i - a scroll of amnesia {unknown}
 l - a scroll of fog {unknown}
Potions
 d - a potion of might
 h - 2 potions of cancellation {unknown}
 j - a potion of resistance {unknown}
 m - a potion of lignification {unknown}
 n - a potion of heal wounds {unknown}
 p - a potion of brilliance {unknown}


   Skills:
 + Level 4.3 Fighting
 + Level 4.0 Axes
 + Level 4.2 Armour
 + Level 3.7 Shields


You had 3 spell levels left.
You didn't know any spells.
Your spell library contained the following spells:

 Spells                   Type           Power      Damage    Failure   Level
 Kiss of Death            Conj/Necr      0%         2d5       100%        1
 Confusing Touch          Hex            0%         N/A       100%        3
 Dispel Undead            Necr           0%         3d6       100%        4


Dungeon Overview and Level Annotations

Branches:
Dungeon (2/15)

Altars:


Innate Abilities, Weirdness & Mutations

You have a pair of small antennae on your head.
You are mostly covered in iridescent scales. (AC +4)
You sometimes lose your temper in combat.
Your flesh is heat resistant. (rF+)


Message History

Crazy Yiuf is almost dead.
You feel sick.
Crazy Yiuf hits you with a +2 quarterstaff of chaos.
You feel agile all of a sudden.
You slash Crazy Yiuf!
You kill Crazy Yiuf!
You feel sick.
Your Axes skill increases to level 4!
You feel sick.
You are no longer poisoned.
There is an open translucent door, spattered with blood here.
Things that are here:
a +2 quarterstaff of chaos; a +0 cloak of poison resistance; the gnoll corpse of Crazy Yiuf You see here a +0 hammer.
Magic restored.
You feel a little less agile now.
HP restored.
Done exploring.
No target in view!
Done exploring.
No target in view!
Done exploring.
No target in view!
Done exploring.
No target in view!
Done exploring.
No target in view!
Done exploring.
No target in view!
Done exploring.
No target in view!
Done exploring.
No target in view!
Done exploring.
No target in view!
Done exploring.
No target in view!
Done exploring.
No target in view!
Are you sure you want to abandon this character and quit the game? (Confirm with "yes".)

.'.......................'>......
.####.......###.......####^......
## #..#....# #.###..># ##...... #
#[##....# ### ##### ##.....
#.##....# ##...# #.##.##.# ##'##
#.##.##.# ##### ######.#
####.......# #)..### ##..#.#.##
##.#####.#### #.@.).####........[
#.#.####.# #...##..#..........
.........# ########.#...#.....
#.#.###### ########.... ##.##
##.#. ### ###. #. #. #.


There were no monsters in sight!

Vanquished Creatures
  Crazy Yiuf (D:2)
  Natasha (D:2)
  An adder (D:2)
  2 dart slugs
  3 endoplasms (D:2)
  A giant cockroach (D:2)
  4 goblins
  A hobgoblin (D:2)
  A quokka (D:2)
  5 ball pythons
  2 bats
  2 kobolds (D:2)
  A rat (D:1)
25 creatures vanquished.

Notes
Turn   | Place    | Note
-------+----------+-------------------------------------------
     0 | D:1      | CarvArkoylaein the Hill Orc Fighter began the quest for the
                  | Orb.
     0 | D:1      | Reached XP level 1. HP: 19/19 MP: 1/1
    65 | D:1      | Identified 3 scrolls of acquirement
    65 | D:1      | Acquired a +2 plate armour of fire resistance
    66 | D:1      | Acquired the +3 Mad Mage's Maulers {Infuse+∞ VampMP -Cast}
    66 | D:1      | Found the +3 Mad Mage's Maulers {Infuse+∞ VampMP -Cast}
    67 | D:1      | Acquired 1135 gold pieces
   604 | D:1      | Gained mutation: You have a pair of small antennae on your
                  | head. [potion of mutation]
   604 | D:1      | Gained mutation: Your flesh is heat resistant. (rF+)
                  | [potion of mutation]
   604 | D:1      | Gained mutation: You sometimes lose your temper in combat.
                  | [potion of mutation]
   604 | D:1      | Gained mutation: You have hidden genetic potential. [potion
                  | of mutation]
   633 | D:1      | Reached XP level 2. HP: 27/27 MP: 0/2
  1308 | D:2      | Gained mutation: You are partially covered in iridescent
                  | scales. (AC +2) [hidden potential]
  1468 | D:2      | Found a runed translucent door.
  1469 | D:2      | Noticed Crazy Yiuf
  1736 | D:2      | Noticed Natasha
  1738 | D:2      | Killed Natasha
  1739 | D:2      | Reached XP level 3. HP: 33/33 MP: 3/3
  1744 | D:2      | Reached XP level 4. HP: 40/40 MP: 1/4
  1756 | D:2      | Gained mutation: You are mostly covered in iridescent
                  | scales. (AC +4) [hidden potential]
  1756 | D:2      | Lost mutation: You have hidden genetic potential. [hidden
                  | potential expressed]
  2246 | D:2      | Killed Crazy Yiuf
  2323 | D:2      | Quit the game

Illustrated notes

Levels and vault maps discovered:
D:1:      dpeg_arrival_orchard, layout_basic
D:2:      layout_loops_corners, uniq_natasha, uniq_crazy_yiuf_cottage

Skill      XL: |  1  2  3  4 |
---------------+-------------+-----
Axes           | 3 4 |  4.0
Fighting       | 4 |  4.3
Armour         | 4 |  4.2
Shields        | |  3.7

Action                     |  1- 3 |  4- 6 || total
---------------------------+-------+-------++-------
  Melee: War axe           |    42 |    16 ||    58
    Use: Scroll            |     3 |       ||     3
         Potion            |     1 |       ||     1
 Armour: Plate armour      |    31 |     6 ||    37
         Scale mail        |     1 |       ||     1
  Dodge: Dodged            |    20 |     1 ||    21
  Block: Buckler           |    13 |     1 ||    14
